 Dungeon Crawl Stone Soup version 0.30-a0-4-ga7cffc901d (webtiles) character file.

Game seed: 9397879729132386603

9196 Sobieck the Fighter (level 11, -1/119 HPs)
             Began as an Ogre Transmuter on Aug 20, 2022.
             Was a Priest of Wu Jian.
             Slain by Fannar
             ... wielding a +0 quarterstaff of freezing
              (2 damage)
             ... on level 11 of the Dungeon.
             The game lasted 00:31:22 (13322 turns).

Sobieck the Fighter (Ogre Transmuter)              Turns: 13322, Time: 00:31:23

Health: -1/119     AC:  5    Str: 16    XL:     11   Next: 42%
Magic:  16/21      EV: 14    Int: 18    God:    Wu Jian [***...]
Gold:   692        SH:  0    Dex:  9    Spells: 10/24 levels left

rFire   . . .      SeeInvis .      - Unarmed
rCold   . . .      Faith    .    (shield currently unavailable)
rNeg    . . .      Spirit   .    Q - +2 robe {Will+}
rPois   .          Reflect  .    (helmet restricted)
rElec   .          Harm     .    (no cloak)
rCorr   .          Rampage  .    (gloves unavailable)
Will    ++...                    (boots unavailable)
Stlth   +.........               t - amulet of the acrobat
HPRegen 0.29/turn                y - +4 ring of evasion
MPRegen 0.17/turn                z - ring of wizardry

@: blade hands, wereblooded
A: large, unfitting armour, tough skin 1
a: End Transformation, Renounce Religion, Wall Jump, Serpent's Lash


You were on level 11 of the Dungeon.
You worshipped Wu Jian.
Wu Jian was most pleased with you.
You had blades for hands.
You visited 2 branches of the dungeon, and saw 12 of its levels.

You collected 692 gold pieces.


Innate Abilities, Weirdness & Mutations

You have blades for hands.
Your spellcasting is less reliable in this form.
You are incapable of wielding weapons or throwing items.
You are too large for most types of armour.
You have tough skin. (AC +1)


   Skills:
 + Level 10.9 Fighting
 - Level 2.0 Dodging
 - Level 9.0 Unarmed Combat
 - Level 7.0 Spellcasting
 - Level 10.0 Transmutations
 - Level 2.0 Ice Magic


You had 10 spell levels left.
You knew the following spells:

 Your Spells              Type           Power      Damage    Failure   Level
a - Blade Hands           Tmut           21%        N/A       13%         5
b - Wereblood             Tmut           42%        N/A       4%          2
c - Spider Form           Tmut/Pois      24%        N/A       12%         3
d - Ice Form              Ice/Tmut       27%        N/A       19%         4

Your spell library contained the following spells:

 Spells                   Type           Power      Damage    Failure   Level
 Beastly Appendage        Tmut           84%        N/A       3%          1
 Ignite Poison            Fire/Tmut/Pois 18%        N/A       19%         3
 Dazzling Flash           Conj/Hex       12%        N/A       41%         3
 Gell's Gravitas          Tloc           6%         N/A       41%         3
 Mephitic Cloud           Conj/Pois/Air  6%         N/A       41%         3
 Portal Projectile        Hex/Tloc       12%        N/A       41%         3
 Teleport Other           Tloc           6%         N/A       41%         3
 Tukima's Dance           Hex            6%         N/A       41%         3
 Freezing Cloud           Conj/Ice/Air   4%         6-21      89%         5
 Agony                    Necr           6%         N/A       92%         5
 Silence                  Hex/Air        3%         N/A       92%         5
 Dispersal                Tloc           3%         N/A       100%        6

Inventory:

Hand Weapons
 e - a +1 short sword {short}
   (You found it on level 1 of the Dungeon)
 g - a +0 dagger {short}
   (You took it off a goblin on level 1 of the Dungeon)
 i - a +0 club {mace}
   (You took it off a goblin on level 1 of the Dungeon)
 j - a +0 club {mace}
   (You took it off a goblin on level 1 of the Dungeon)
 k - a +0 club {mace}
   (You took it off a goblin on level 1 of the Dungeon)
 o - a +0 dagger {short}
   (You took it off a kobold on level 1 of the Dungeon)
 p - a +0 whip {mace}
   (You took it off a kobold on level 1 of the Dungeon)
 r - a +0 short sword {short}
   (You took it off a kobold on level 1 of the Dungeon)
Missiles
 d - 126 stones {throwing}
 f - 23 poisoned darts (quivered) {throwing}
 h - 5 curare-tipped darts {=fthrowing}
 v - 10 boomerangs {throwing}
 M - 2 javelins {throwing}
 Z - 3 throwing nets {=f!fthrowing}
Armour
 s - a +0 robe
   (You took it off a gnoll bouda on level 5 of the Dungeon)
 N - a +0 robe
   (You found it on level 6 of the Dungeon)
 Q - a +2 robe of willpower (worn)
   (You took it off an orc wizard on level 5 of the Dungeon)
 R - a +0 robe
   (You found it on level 5 of the Dungeon)
 X - a +0 robe
   (You took it off an orc wizard on level 6 of the Dungeon)
Jewellery
 n - a ring of fire
   (You found it on level 1 of the Dungeon)
 t - an amulet of the acrobat (around neck)
   (You found it on level 1 of the Dungeon)
 x - a ring of flight
   (You found it on level 2 of the Dungeon)
 y - a +4 ring of evasion (left blade hand)
   (You found it on level 2 of the Dungeon)
 z - a ring of wizardry (right blade hand)
   (You found it on level 2 of the Dungeon)
 K - a ring of willpower
   (You found it on level 4 of the Dungeon)
 P - a +4 ring of evasion
   (You found it on level 5 of the Dungeon)
 U - a ring of willpower
   (You found it on level 6 of the Dungeon)
Wands
 c - a wand of flame (66)
   (You took it off Natasha on level 3 of the Dungeon)
 I - a wand of paralysis (15)
   (You found it on level 4 of the Dungeon)
 O - a wand of light (10)
   (You found it on level 5 of the Dungeon)
 W - a wand of digging (8)
   (You found it on level 8 of the Dungeon)
Scrolls
 a - 2 scrolls of silence {!r}
 q - 3 scrolls of enchant armour
 C - 5 scrolls of teleportation {@r4}
 D - 2 scrolls of poison {!r}
 H - a scroll of fear
 J - a scroll of noise {!r}
 L - 2 scrolls of immolation {!r!r}
 S - 2 scrolls of amnesia
 T - a scroll of vulnerability {unknown}
 V - 4 scrolls of magic mapping {!r}
Potions
 b - 2 potions of lignification {!q}
 m - a potion of heal wounds {@q2}
 u - 2 potions of might
 w - 3 potions of brilliance
 A - a potion of berserk rage {unknown}
 B - 7 potions of curing {@q1}
 E - 4 potions of magic
 F - 2 potions of mutation {!q}
 G - a potion of attraction {!q}
 Y - 2 potions of flight

Dungeon Overview and Level Annotations

Branches:
Dungeon (11/15) Zot: 26174  Temple (1/1) D:6 Zot: 5926     Orc (0/2) D:10
   Lair: D:8-11

Altars:
Dithmenos
Fedhas
Hepliaklqana
Ru
Vehumet
Wu Jian

Annotations:
D:3 1 runed translucent door, Crazy Yiuf
D:11 Fannar

#.§_.............W....
#§§§.##...########.e.#
##...##...##....##...#
#................#...#
#....)...........+.<.#
##.).##..###.######..#
##.<.##..###.##.###..###.
#[....#......Y.D...........#
#.....#......@YY...........#
#.....#......e...$.........#
##...#........#.###..###...#
################ #.:###...#
.........# ...D..[..#
.....D.<.# .######..# #..#


You could see Fannar, an acid dragon and 3 ice beasts.


Message History

Your hands revert to their normal proportions.
You howl as the wereblood boils in your veins!
You howl as the wereblood boils in your veins!
Unknown command.
You howl as the wereblood boils in your veins!
Things that are here:
a +0 quarterstaff {staff}; a +0 shortbow {bow} You see here a +0 shortbow {bow}.
Unknown command.
There is a stone staircase leading up, spattered with blood here.
You start resting.
Your primal bloodlust is almost over.
Unknown command.
Unknown command.
You start resting.
You howl as the wereblood boils in your veins!
Unknown command.
Unknown command.
You start resting.
You howl as the wereblood boils in your veins!
Unknown command.
Unknown command.
You start resting.
Your primal bloodlust has ended.
Unknown command.
You start resting.
Unknown command.
The acid dragon roars!
The acid dragon spits acid at you. The splash of acid hits you!
The acid corrodes you!
You hear a shout!
You see here 8 gold pieces.
Danger!
Fannar shouts!
Danger!
Casting: Wereblood (safe; 1% risk of failure)
Confirm with . or Enter, or press ? or * to list all spells.
Your hands turn into razor-sharp scythe blades.
Casting: Blade Hands (dangerous; 13% risk of failure)
Confirm with . or Enter, or press ? or * to list all spells.
Your blood is infused with primal strength.
Fannar mumbles some strange words.
Unknown command.
Unknown command.
You spin and attack Fannar.
You hit Fannar.
You spin and attack the ice beast.
You slash the ice beast!
Fannar hits you with a +0 quarterstaff of freezing!
Fannar freezes you. The ice beast closely misses you.
Unknown command.
You spin and attack Fannar.
You barely miss Fannar.
Fannar gestures wildly while chanting.
Unknown command.
You hit Fannar but do no damage. Fannar completely misses you.
You completely miss Fannar. The ice beast hits you. The ice beast freezes you.
You barely miss Fannar.
Fannar hits you with a +0 quarterstaff of freezing!
Fannar freezes you. The ice beast hits you. The ice beast freezes you.
The ice beast hits you but does no damage.
Unknown command.
You barely miss Fannar. Fannar barely misses you.
The acid dragon barely misses you. The acid dragon claws you.
* * * LOW HITPOINT WARNING * * *
The ice beast barely misses you.
The ice beast hits you but does no damage.
Unknown command.
You hit Fannar.
Fannar casts a spell.
The acid dragon bites you!
* * * LOW HITPOINT WARNING * * *
The acid dragon barely misses you. The ice beast hits you.
* * * LOW HITPOINT WARNING * * *
The ice beast freezes you.
* * * LOW HITPOINT WARNING * * *
Unknown command.
You barely miss Fannar.
Fannar hits you with a +0 quarterstaff of freezing.
* * * LOW HITPOINT WARNING * * *
Fannar freezes you.
* * * LOW HITPOINT WARNING * * *
The acid dragon closely misses you. The acid dragon barely misses you.
The ice beast closely misses you. The ice beast barely misses you.
Unknown command.
You hit Fannar but do no damage.
You are no longer corroded.
The acid dragon bites you!
* * * LOW HITPOINT WARNING * * *
The acid dragon claws you.
* * * LOW HITPOINT WARNING * * *
The ice beast hits you.
* * * LOW HITPOINT WARNING * * *
The ice beast freezes you!
* * * LOW HITPOINT WARNING * * *
The ice beast hits you but does no damage.
Unknown command.
You spin and attack the ice beast.
You hit the ice beast.
You spin and attack the ice beast.
You hit the ice beast but do no damage.
Fannar hits you with a +0 quarterstaff of freezing!
* * * LOW HITPOINT WARNING * * *
Fannar freezes you.
You die...

Skill      XL: |  1  2  3  4  5  6  7  8  9 10 11 |
---------------+----------------------------------+-----
Dodging        | 2 |  2.0
Transmutations | 2 3 4 6 8 10 | 10.0
Fighting       | 2 3 4 5 6 7 8 9 10 | 10.9
Unarmed Combat | 3 4 7 9 |  9.0
Spellcasting   | 3 4 6 7 |  7.0
Ice Magic      | 2 |  2.0

Action                   |  1- 3 |  4- 6 |  7- 9 | 10-12 || total
-------------------------+-------+-------+-------+-------++-------
Melee: Unarmed           |   117 |    67 |   366 |   230 ||   780
       Kick              |    17 |       |       |       ||    17
       Headbutt          |     6 |       |       |       ||     6
       Punch             |     1 |       |     4 |     5 ||    10
Throw: Dart              |       |       |     3 |       ||     3
 Cast: Beastly Appendage |    17 |       |       |       ||    17
       Wereblood         |     4 |     1 |     6 |    19 ||    30
       Spider Form       |     3 |     5 |    18 |       ||    26
       Blade Hands       |       |       |    18 |    29 ||    47
Invok: Lunge             |       |       |     4 |    20 ||    24
       Whirlwind         |       |       |       |    51 ||    51
  Use: Potion            |       |     2 |       |     3 ||     5
       Scroll            |       |       |    21 |     2 ||    23
 Stab: Sleeping          |       |       |     1 |       ||     1
Armor: Robe              |    26 |     7 |    26 |    36 ||    95
       Skin              |     1 |     7 |    10 |       ||    18
Dodge: Dodged            |    55 |    64 |   360 |   155 ||   634

Levels and vault maps discovered:
D:1:      minmay_arrival_up_and_down, layout_loops_ring,
          hellmonk_ecumenical_altar_zigzags
D:2:      layout_rooms, serial_bayou_crossing
D:3:      minmay_recursive_quarters, layout_loops_ring, serial_forest,
          infiniplex_forest_clump_cross, infiniplex_forest_clump_small,
          infiniplex_forest_end_2, infiniplex_forest_diagonal,
          infiniplex_forest_lined_3_way, infiniplex_forest_zigzag_2,
          infiniplex_forest_straight_2, infiniplex_forest_zigzag_1,
          uniq_natasha, uniq_crazy_yiuf_cottage, uniq_grinder
D:4:      layout_gridville, mainiacjoe_overflow_alcove_2
D:5:      layout_rooms, eino_tiny_chamber, nrook_mini_vaults,
          minmay_joined_circles, uniq_eustachio
D:6:      layout_cave_pools, minmay_temple_entry_mini_moons,
          kennysheep_generic_room_11, uniq_prince_ribbit1
D:7:      layout_loops_ring, minmay_misc_feat_more_columns
D:8:      layout_basic, minmay_misc_feat_tower
D:9:      layout_gridville, hangedman_abyss_or_decor_clamps
D:10:     layout_rooms, erik_orc_1, interstate_on_off
D:11:     layout_gridville, dpeg_oklobed_lair, grunt_dithmenos_smoke,
          uniq_fannar
Temple:   compressed_dpeg_circular_temple

Notes
Turn   | Place    | Note
-------+----------+-------------------------------------------
     0 | D:1      | Sobieck the Ogre Transmuter began the quest for the Orb.
     0 | D:1      | Reached XP level 1. HP: 19/19 MP: 3/3
    54 | D:1      | You pick up a book of the Senses and begin reading...
    54 | D:1      | You add the spells Dazzling Flash, Agony and Silence to
                  | your library.
   254 | D:1      | Found a faded altar of an unknown god.
   298 | D:1      | Reached XP level 2. HP: 22/28 MP: 3/5
   437 | D:1      | Reached skill level 2 in Dodging
   437 | D:1      | Reached skill level 2 in Transmutations
   440 | D:1      | Learned a level 2 spell: Wereblood
   661 | D:1      | Reached skill level 2 in Fighting
   806 | D:1      | Reached skill level 3 in Unarmed Combat
   844 | D:1      | Reached skill level 3 in Spellcasting
   845 | D:1      | Reached XP level 3. HP: 35/35 MP: 2/7
  1427 | D:2      | Learned a level 3 spell: Spider Form
  1760 | D:2      | You add the spells Gell's Gravitas, Teleport Other and
                  | Dispersal to your library.
  1890 | D:3      | Noticed Natasha
  1898 | D:3      | Killed Natasha
  1899 | D:3      | Reached skill level 3 in Fighting
  1899 | D:3      | Reached XP level 4. HP: 32/45 MP: 1/8
  1943 | D:3      | Noticed Natasha
  1955 | D:3      | Killed Natasha
  1963 | D:3      | Reached skill level 4 in Fighting
  1963 | D:3      | Reached skill level 3 in Transmutations
  1963 | D:3      | Reached XP level 5. HP: 33/54 MP: 5/9
  2272 | D:3      | Noticed Grinder
  2280 | D:3      | Paralysed by Grinder for 5 turns
  2290 | D:3      | Paralysed by Grinder for 2 turns
  2291 | D:3      | HP: 1/55 [Grinder/nerve-wracking pain (14)]
  2297 | D:3      | Killed Grinder
  2298 | D:3      | Reached skill level 5 in Fighting
  2298 | D:3      | Reached skill level 4 in Transmutations
  2298 | D:3      | Reached XP level 6. HP: 5/67 MP: 5/10
  2845 | D:3      | Reached skill level 6 in Fighting
  2845 | D:3      | Reached XP level 7. HP: 48/75 MP: 3/11
  3261 | D:3      | Noticed Natasha
  3268 | D:3      | Killed Natasha
  3339 | D:3      | Found a runed translucent door.
  3340 | D:3      | Noticed Crazy Yiuf
  3779 | D:4      | Found a radiant altar of Vehumet.
  3804 | D:4      | You pick up a book of Weapons and begin reading...
  3804 | D:4      | You add the spells Tukima's Dance, Portal Projectile and
                  | Blade Hands to your library.
  3964 | D:4      | Reached skill level 5 in Transmutations
  4026 | D:4      | Reached skill level 7 in Fighting
  4648 | D:5      | Entered Level 5 of the Dungeon
  4730 | D:5      | Reached skill level 6 in Transmutations
  4730 | D:5      | Reached XP level 8. HP: 58/87 MP: 7/12
  4982 | D:5      | Reached skill level 7 in Transmutations
  5491 | D:5      | Reached skill level 8 in Transmutations
  5548 | D:5      | Noticed Eustachio
  5587 | D:5      | Killed Eustachio
  5588 | D:5      | Reached XP level 9. HP: 33/93 MP: 9/13
  5978 | D:5      | Reached skill level 9 in Transmutations
  6008 | D:5      | Learned a level 5 spell: Blade Hands
  6275 | D:6      | Learned a level 4 spell: Ice Form
  6302 | D:6      | Noticed Prince Ribbit
  6397 | D:6      | Killed Prince Ribbit
  6506 | D:5      | Reached skill level 1 in Ice Magic
  6811 | D:6      | Found a staircase to the Ecumenical Temple.
  6829 | Temple   | Entered the Ecumenical Temple
  6891 | Temple   | Became a worshipper of the Wu Jian Council
  7154 | D:6      | Reached skill level 4 in Unarmed Combat
  7724 | D:7      | Reached skill level 4 in Spellcasting
  7871 | D:7      | Reached skill level 2 in Ice Magic
  8115 | D:7      | Reached skill level 10 in Transmutations
  8167 | D:7      | Reached skill level 8 in Fighting
  8286 | D:7      | Reached XP level 10. HP: 104/104 MP: 8/16
  8295 | D:7      | Reached skill level 5 in Unarmed Combat
  8482 | D:7      | Reached * piety under Wu Jian
  9135 | D:8      | Reached skill level 5 in Spellcasting
  9793 | D:9      | Reached skill level 6 in Unarmed Combat
 10372 | D:9      | Reached skill level 9 in Fighting
 10922 | D:9      | Reached skill level 6 in Spellcasting
 11184 | D:10     | Entered Level 10 of the Dungeon
 11209 | D:10     | Reached skill level 7 in Unarmed Combat
 11226 | D:9      | HP: 21/107 [yak (9)]
 11854 | D:10     | Reached ** piety under Wu Jian
 11869 | D:10     | Reached XP level 11. HP: 108/115 MP: 15/20
 11926 | D:10     | Reached skill level 10 in Fighting
 12113 | D:10     | You add the spells Ignite Poison, Mephitic Cloud and
                  | Freezing Cloud to your library.
 12307 | D:10     | Reached skill level 8 in Unarmed Combat
 12331 | D:10     | Found a staircase to the Orcish Mines.
 12340 | D:10     | Reached skill level 7 in Spellcasting
 12510 | D:11     | Noticed Fannar
 12820 | D:10     | HP: 27/119 [vampire mosquito (6)]
 12823 | D:10     | Reached *** piety under Wu Jian
 13107 | D:11     | Found a shadowy altar of Dithmenos.
 13129 | D:11     | Reached skill level 9 in Unarmed Combat
 13321 | D:11     | HP: 29/119 [acid dragon (9)]
 13322 | D:11     | HP: 1/119 [Fannar/+0 quarterstaff of freezing (14)]
 13322 | D:11     | Slain by Fannar

Vanquished Creatures
  An unseen horror (D:10)
  Prince Ribbit (D:6)
  Grinder (D:3)
  3 wraiths
  A shadow (D:10)
  Eustachio (D:5)
  A wyvern (D:7)
  13 yaks
  3 vampire mosquitoes (D:10)
  A steam dragon (D:9)
  3 water moccasins
  2 orc warriors
  A swamp drake (D:10)
  2 black bears
  2 ice beasts
  3 sky beasts
  6 ogres
  4 centaurs
  2 phantoms
  3 bullfrogs
  A gnoll sergeant (D:10)
  6 scorpions
  8 wights
  10 killer bees
  A howler monkey (D:11)
  8 orc priests
  6 hounds
  3 jellies
  A gnoll bouda (D:5)
  6 iguanas
  14 orc wizards
  Natasha (thrice) (D:3)
  5 gnolls (D:10)
  5 adders
  2 shadow imps
  A white imp (D:5)
  An ufetubus (D:7)
  2 worms
  2 dart slugs
  37 orcs
  6 ball pythons
  4 bats
  10 endoplasms
  4 giant cockroaches
  7 hobgoblins
  A jackal (D:5)
  10 kobolds
  2 quokkas (D:3)
  7 frilled lizards
  11 goblins
  6 rats
244 creatures vanquished.

Vanquished Creatures (collateral kills)
  A shadow (D:10)
  A vampire mosquito (D:10)
2 creatures vanquished.

Vanquished Creatures (others)
  An orc (D:10)
  7 plants
8 creatures vanquished.

Grand Total: 254 creatures vanquished

Table legend:
 A = Non-vault XP
 B = Vault XP
 C = Vault XP percentage of total XP
 D = Non-vault monster count
 E = Vault monster count
 F = Vault count percentage of total count
                 A         B        C        D         E       F
            +---------+---------+-------+---------+---------+-------
      Total |   10971 |    2167 |  16.5 |     198 |      48 |  19.5
            +---------+---------+-------+---------+---------+-------
        D:1 |      50 |       0 |   0.0 |      31 |       0 |   0.0
        D:2 |      20 |       0 |   0.0 |      10 |       0 |   0.0
        D:3 |     194 |     455 |  70.1 |      23 |      16 |  41.0
        D:4 |     357 |       0 |   0.0 |      11 |       0 |   0.0
        D:5 |     722 |     848 |  54.0 |      22 |      14 |  38.9
        D:6 |     899 |     325 |  26.6 |      15 |       2 |  11.8
        D:7 |    1341 |       0 |   0.0 |      20 |       0 |   0.0
        D:8 |     703 |       0 |   0.0 |       9 |       0 |   0.0
        D:9 |    2578 |       0 |   0.0 |      20 |       0 |   0.0
       D:10 |    3815 |     539 |  12.4 |      34 |      16 |  32.0
       D:11 |     292 |       0 |   0.0 |       3 |       0 |   0.0
            +---------+---------+-------+---------+---------+-------

Illustrated notes

Table legend:
 A = Kills in this place as a percentage of kills in entire the game.
 B = Kills by you in this place as a percentage of kills by you in the entire game.
 C = Kills by friends in this place as a percentage of kills by friends in the entire game.
 D = Other kills in this place as a percentage of other kills in the entire game.
 E = Experience gained in this place as a percentage of experience gained in the entire game.
 F = Experience gained in this place divided by the number of levels of this place that you have seen.
                   A       B       C       D       E      F
               +-------+-------+-------+-------+-------+----------------------
         Total | 100.0 | 100.0 | 100.0 |   N/A | 100.0 | 1094.8
       Dungeon | 100.0 | 100.0 | 100.0 |   N/A | 100.0 | 1194.4
               +-------+-------+-------+-------+-------+----------------------

Table legend: (Time is in decaauts)
 A = Elapsed time spent in this place.
 B = Non-inter-level travel time spent in this place.
 C = Inter-level travel time spent in this place.
 D = Time resting spent in this place.
 E = Time spent auto-exploring this place.
 F = Levels seen in this place.
 G = Mean time per level.
                   A        B        C        D        E       F      G
               +--------+--------+--------+--------+--------+-----+--------+
         Total |  13304 |  12951 |    353 |   3529 |   7264 |  12 | 1108.7 |
       Dungeon |  13230 |  12877 |    353 |   3529 |   7208 |  11 | 1202.7 |
        Temple |     73 |     73 |      0 |      0 |     56 |   1 |   73.0 |
               +--------+--------+--------+--------+--------+-----+--------+

Top non-repeatable levels by time:
     D:9: 2034 daAuts
     D:3: 1793 daAuts
     D:5: 1445 daAuts
    D:10: 1433 daAuts
     D:1: 1319 daAuts
     D:7: 1224 daAuts
     D:6: 1123 daAuts
     D:4: 1072 daAuts
     D:8: 1011 daAuts
     D:2: 644 daAuts
    D:11: 128 daAuts
  Temple: 73 daAuts
